 Dungeon Crawl Stone Soup version 0.22-a0-422-g9628fc8 (webtiles) character file.

351 GameOver the Conjurer (level 6, 0/49 HPs)
             Began as a Naga Wizard on May 23, 2018.
             Slain by GameOver's ghost (8 damage)
             ... on level 4 of the Dungeon.
             The game lasted 00:15:17 (2242 turns).

GameOver the Conjurer (Naga Wizard)                 Turns: 2242, Time: 00:15:18

Health: 0/49       AC:  3    Str:  8 (9)  XL:     6   Next: 61%
Magic:  4/10       EV:  9    Int: 18 (21) God:
Gold:   82         SH:  0    Dex:  8 (9)  Spells: 2/11 levels left

rFire    . . .     SeeInvis +   n - +1 flail (protect)
rCold    . . .     Gourm    .   (no shield)
rNeg     . . .     Faith    .   a - +0 robe
rPois    +         Spirit   .   b - +0 hat
rElec    .         Reflect  .   (no cloak)
rCorr    .         Harm     .   (no gloves)
MR       .....                  (no barding)
Stlth    ++........             (no amulet)
HPRegen  0.16/turn              (no ring)
MPRegen  0.12/turn              (no ring)

@: very slow
A: large, see invisible, deformed body, poison resistance, slowness 2, slow
metabolism 1, spit poison 1, AC +2
a: Spit Poison


You were on level 4 of the Dungeon.
You were not hungry.

You visited 1 branch of the dungeon, and saw 4 of its levels.

You collected 82 gold pieces.

Inventory:

Hand Weapons
 f - a +0 long sword
 n - a +1 flail of protection (weapon)
 v - a +1 short sword of protection
Missiles
 s - 19 bolts
Armour
 a - a +0 robe (worn)
 b - a +0 hat (worn)
 i - a +0 shield
 r - a +1 leather armour of cold resistance
Scrolls
 c - 2 scrolls of remove curse
 g - 2 scrolls of enchant armour {unknown}
 h - 2 scrolls of random uselessness {unknown}
 j - a scroll of magic mapping {unknown}
 l - 2 scrolls of identify {unknown}
 o - 2 scrolls of teleportation {unknown}
 p - a scroll of immolation {unknown}
 q - a scroll of enchant weapon {unknown}
Potions
 e - 3 potions of degeneration
Comestibles
 d - 4 rations
 k - 7 chunks of flesh


   Skills:
 - Level 1.5 Dodging
 + Level 4.0 Stealth
 - Level 3.0 Spellcasting
 * Level 5.7 Conjurations
   Level 1.0 Summonings
 - Level 1.0 Translocations
 + Level 1.4 Fire Magic
 + Level 1.9 Poison Magic


You had 2 spell levels left.
You knew the following spells:

 Your Spells              Type           Power        Failure   Level  Hunger
a - Magic Dart            Conj           ###.         1%          1    None
b - Blink                 Tloc           N/A          16%         2    ##.....
d - Conjure Flame         Conj/Fire      ###.....     11%         3    ###....
s - Mephitic Cloud        Conj/Pois/Air  ##......     17%         3    ###....

Your spell library contained the following spells:

 Spells                   Type           Power        Failure   Level  Hunger
 Slow                     Hex            #.......     24%         2    ##.....
 Call Imp                 Summ           #.......     16%         2    ##.....


Dungeon Overview and Level Annotations

Branches:
Dungeon (4/15)
 Temple: D:4-7

Altars:

Annotations:
D:4 GameOver's ghost, amateur NaWz


Innate Abilities, Weirdness & Mutations

You cannot wear boots.
Your serpentine skin is tough. (AC +2)
You have supernaturally acute eyesight. (SInv)
Armour fits poorly on your strangely shaped body.
Your system is resistant to poisons. (rPois)
You cover ground very slowly.
You have a slow metabolism.
You can spit poison.


Message History

Casting: Magic Dart (safe; 1% risk of failure)
Confirm with . or Enter, or press ? or * to list all spells.
Aiming: Magic Dart (safe; 1% risk of failure)
Press: ? - help, Shift-Dir - straight line, f/p - GameOver's ghost
Aim: GameOver's ghost, wielding a weapon of freezing (heavily damaged)
The magic dart hits GameOver's ghost.
GameOver's ghost is severely damaged.
GameOver's ghost hits you.
* * * LOW HITPOINT WARNING * * *
GameOver's ghost freezes you.
* * * LOW HITPOINT WARNING * * *
Casting: Magic Dart (safe; 1% risk of failure)
Confirm with . or Enter, or press ? or * to list all spells.
Aiming: Magic Dart (safe; 1% risk of failure)
Press: ? - help, Shift-Dir - straight line, f/p - GameOver's ghost
Aim: GameOver's ghost, wielding a weapon of freezing (severely damaged)
The magic dart hits GameOver's ghost.
GameOver's ghost is severely damaged.
GameOver's ghost hits you!
You die...

#..
####.....#####.....#
#. #.....# ##.....#
+.....+ #...#'###
##+####...#...+
#.'....'...# ##
###....#####
!..#######..........
.....................
.........@............
.....$..W.............
.......?..............
......................
....................
####....#+#########
#....# #....# #....#


You could see GameOver's ghost.

Vanquished Creatures
  Purgy (D:3)
  2 orc priests (D:3)
  A hound (D:3)
  8 adders
  3 worms (D:3)
  3 dart slugs
  2 leopard geckos (D:1)
  9 orcs
  4 ball pythons
  7 giant cockroaches
  9 goblins
  7 hobgoblins
  5 bats
  4 frilled lizards
  6 kobolds
  6 rats
77 creatures vanquished.

Notes
Turn   | Place    | Note
-------+----------+-------------------------------------------
     0 | D:1      | GameOver the Naga Wizard began the quest for the Orb.
     0 | D:1      | Reached XP level 1. HP: 15/15 MP: 4/4
    84 | D:1      | Reached skill level 2 in Conjurations
    84 | D:1      | Reached XP level 2. HP: 22/22 MP: 6/6
   592 | D:2      | Reached skill level 3 in Conjurations
   592 | D:2      | Reached XP level 3. HP: 13/28 MP: 1/7
   596 | D:2      | Learned a level 2 spell: Blink
   600 | D:2      | Learned a level 3 spell: Mephitic Cloud
  1130 | D:2      | Reached XP level 4. HP: 36/36 MP: 8/8
  1507 | D:3      | Reached skill level 4 in Conjurations
  1646 | D:3      | Reached XP level 5. HP: 31/42 MP: 1/9
  1685 | D:3      | Reached skill level 5 in Conjurations
  1752 | D:3      | Learned a level 3 spell: Conjure Flame
  1926 | D:3      | Noticed Purgy
  1933 | D:3      | Killed Purgy
  1933 | D:3      | Reached skill level 1 in Fire Magic
  1933 | D:3      | Reached skill level 1 in Poison Magic
  1933 | D:3      | Reached XP level 6. HP: 36/49 MP: 0/10
  2222 | D:4      | Noticed GameOver's ghost (amateur NaWz)
  2242 | D:4      | Slain by GameOver's ghost

Vault maps used:
D:1:      saegor_arrival_simple_c, grunt_decor_cap, patterned_corridor
D:2:      minmay_misc_feat_x
D:3:      minivault_14, eino_curves_02, kennysheep_generic_room_10, uniq_purgy
D:4:      first_ration, cheibrodos_sewer_entry_bend, minmay_snake_closets

Skill      XL: |  1  2  3  4  5  6 |
---------------+-------------------+-----
Conjurations   | 2 3 4 5 |  5.7
Fire Magic     | 1 |  1.4
Poison Magic   | 1 |  1.9
Stealth        | 4 |  4.0
Dodging        | |  1.5
Spellcasting   | |  3.0
Summonings     | |  1.0
Translocations | |  1.0

Action                   |  1- 3 |  4- 6 || total
-------------------------+-------+-------++-------
Melee: Dagger            |     1 |       ||     1
       Short sword       |       |    33 ||    33
       Flail             |       |    12 ||    12
 Cast: Magic Dart        |    45 |    93 ||   138
       Mephitic Cloud    |       |     1 ||     1
 Abil: Spit Poison       |    29 |    36 ||    65
  Use: Potion            |       |     8 ||     8
       Scroll            |       |     1 ||     1
 Stab: Sleeping          |     1 |     1 ||     2
       Invisible         |       |     2 ||     2
  Eat: Chunk             |     2 |     5 ||     7
Armor: Robe              |     2 |    18 ||    20
Dodge: Dodged            |     9 |    50 ||    59
       Rpst.: Long sword |       |     1 ||     1

Table legend:
 A = Spawn XP
 B = Non-spawn XP
 C = Spawn XP percentage of total XP
 D = Spawn monster count
 E = Non-spawn monster count
 F = Spawn count percentage of total count
 G = Total turns spent on level
                    A         B        C        D         E        F      G
               +---------+---------+-------+---------+---------+-------+---------
         Total |       0 |     502 |   0.0 |       0 |      77 |   0.0 |  2242
               +---------+---------+-------+---------+---------+-------+---------
           D:1 |       0 |      29 |   0.0 |       0 |      16 |   0.0 |   523
           D:2 |       0 |      58 |   0.0 |       0 |      24 |   0.0 |   970
           D:3 |       0 |     370 |   0.0 |       0 |      31 |   0.0 |   631
           D:4 |       0 |      45 |   0.0 |       0 |       6 |   0.0 |   118
               +---------+---------+-------+---------+---------+-------+---------
